Map: Ruins of Seras

Players

NordWind

  • Race: Zerg Zerg

twiggy - Winner!

  • Race: Zerg Zerg

VOD

Have the link to the VOD?

Description

Time

  • Played on: Nov. 19, 2015, 10:26 p.m.
  • Length: 14:21
Show
View Real Time Build Order
Export as new Build Order

NordWind Zerg 

Build Orders: Hatch First 

Get SALT Encoding   

  12  0:05  Drone  
  13  0:17  Overlord  
  13  0:23  Drone  
  14  0:46  Hatchery  
  13  1:03  Spawning Pool  
  12  1:07  Drone  
  13  1:14  Extractor  
  13  1:16  Drone  
  13  1:20  Drone  
  15  1:25  Drone  
  15  1:41  Drone x2  
  17  1:50  Queen  
  19  1:58  Queen  
  21  2:02  Drone  
  22  2:08  Overlord  
  22  2:21  Drone  
  23  2:23  Overlord  
  23  2:26  Drone  
  23  2:27  Drone  
  25  2:43  Queen  
  27  2:46  Drone  
  27  2:48  Drone x2  
  27  2:50  Zergling x2  
  31  2:53  Zergling x2  
  32  3:04  Baneling Nest  
  31  3:14  Metabolic Boost  
  31  3:30  Drone  
  32  3:35  Drone x5  
  37  3:46  Zergling x2  
  37  3:47  Zergling x6  
  41  3:49  Baneling x2  
  41  3:52  Baneling  
  41  3:55  Extractor  
  40  3:56  Drone x3  
  40  3:57  Drone  
  43  4:13  Baneling x3  
  43  4:15  Zergling x2  
  43  4:16  Zergling x2  
  44  4:20  Overlord  
  44  4:21  Overlord  
  44  4:33  Extractor  
  42  4:40  Lair  
  42  4:45  Baneling x2  
  41  4:59  Drone x6  
  47  5:03  Overlord x2  
  47  5:07  Zergling x4  
  47  5:08  Zergling x4  
  51  5:16  Baneling x3  
  51  5:17  Zergling x2, Baneling x2  
  51  5:18  Zergling x4  
  54  5:41  Roach Warren  
  53  5:44  Drone  
  53  5:48  Drone x2  
  53  5:49  Drone x2  
  58  5:51  Zergling x2  
  58  5:52  Zergling x8  
  63  6:02  Overlord x3  
  51  6:27  Roach x10  
  53  6:44  Roach  
  53  6:45  Roach x4  
  44  7:02  Roach  
  44  7:03  Roach x5  
  54  7:09  Queen  
  54  7:10  Queen  
  54  7:12  Drone x2  
  54  7:13  Drone  
  61  7:28  Drone x4  
  65  7:40  Glial Reconstitution  
  65  7:45  Queen  
  65  7:46  Queen  
  69  7:57  Drone x6  
  69  7:58  Drone  
  76  8:14  Spire  
  75  8:34  Roach x9  
  71  9:06  Drone x2  
  73  9:26  Spine Crawler  
  73  9:27  Hatchery  
  73  9:30  Roach  
  73  9:31  Roach x5  
  83  9:39  Evolution Chamber  
  82  9:53  Drone  
  82  9:54  Drone x2, Extractor  
  82  9:56  Drone x2  
  86  10:24  Mutalisk x3  
  92  10:30  Overlord x2  
  92  10:38  Drone x2  
  92  10:39  Drone x4  
  92  10:42  Overlord  
  98  10:43  Overlord  
  98  10:47  Queen  
  100  11:01  Overlord x2  
  100  11:16  Mutalisk x4  
  100  11:17  Mutalisk x6  
  67  11:49  Queen  
  67  11:51  Mutalisk  
  67  11:52  Mutalisk x3  
  52  12:14  Drone x2  
  52  12:15  Drone x7  
  59  12:16  Drone x4  
  61  12:33  Roach x4  
  69  12:40  Drone x2  
  69  12:41  Drone x2  
  73  12:45  Drone x2  
  73  12:48  Drone  
  73  12:49  Drone x5  
  81  12:54  Queen  
  83  13:03  Queen  
  85  13:16  Drone  
  85  13:17  Drone x5  
  93  13:27  Roach x3  
  93  13:30  Queen  
Show
View Real Time Build Order
Export as new Build Order

twiggy Zerg - Winner!

Build Orders: Hatch First 

Get SALT Encoding   

  12  0:01  Drone  
  13  0:13  Overlord  
  13  0:21  Drone  
  14  0:34  Drone x2  
  16  0:36  Drone  
  17  0:54  Hatchery  
  16  0:58  Extractor  
  15  1:13  Spawning Pool  
  14  1:22  Drone  
  14  1:23  Drone x2  
  17  1:40  Drone  
  17  1:45  Drone  
  19  1:56  Overlord  
  19  2:04  Metabolic Boost  
  19  2:06  Zergling x2  
  20  2:08  Zergling x2  
  20  2:09  Queen  
  23  2:17  Queen  
  25  2:32  Spine Crawler  
  25  2:36  Drone x2  
  26  2:38  Zergling x2  
  27  2:44  Drone  
  27  2:45  Drone  
  27  2:47  Drone  
  30  3:00  Zergling x6  
  33  3:10  Zergling x2  
  33  3:11  Zergling x2  
  33  3:12  Zergling x2  
  36  3:27  Overlord x2  
  36  3:28  Overlord  
  36  3:39  Overlord  
  36  3:46  Overlord, Extractor  
  35  3:48  Drone  
  35  3:49  Drone x3  
  36  4:20  Zergling x8  
  36  4:21  Zergling x8  
  44  4:28  Roach Warren  
  38  5:04  Hatchery  
  37  5:09  Evolution Chamber x2, Roach x3  
  37  5:10  Roach x5  
  51  5:14  Drone x2  
  51  5:18  Extractor  
  52  5:24  Lair  
  52  5:30  Pneumatized Carapace  
  51  6:31  Roach x3  
  51  6:32  Roach x4  
  41  7:13  Roach x3  
  41  7:14  Roach x6  
  41  7:15  Roach x2  
  63  7:19  Drone x2  
  63  7:20  Drone  
  66  7:23  Drone x3  
  66  7:24  Drone  
  66  7:29  Drone  
  71  7:32  Queen  
  73  7:47  Drone x4  
  73  7:48  Drone x5  
  82  7:58  Overlord x3  
  82  8:07  Extractor  
  82  8:10  Extractor  
  50  8:56  Zerg Missile Weapons Level 1  
  50  8:57  Zerg Ground Armor Level 1  
  50  8:58  Roach x2  
  50  8:59  Roach x6  
  50  9:00  Roach x3  
  50  9:02  Drone x4  
  76  9:20  Zergling x4  
  76  9:21  Zergling x2  
  76  9:23  Roach x4  
  87  9:27  Ravager  
  88  9:41  Ravager x2  
  90  9:52  Ravager  
  91  9:56  Ravager  
  92  10:03  Ravager  
  93  10:14  Zergling x10  
  94  10:15  Zergling x6  
  101  10:34  Zergling x10  
  106  10:38  Overlord x3  
  106  10:49  Hatchery  
  105  10:51  Hatchery  
  105  10:55  Ravager x2  
  82  11:58  Hydralisk Den  
  53  12:33  Spore Crawler  
  53  12:35  Spore Crawler  
  43  12:40  Spore Crawler  
  43  12:42  Hydralisk x5  
  43  12:43  Hydralisk x6  
  43  12:44  Hydralisk x7  
  62  12:45  Hydralisk x3  
  84  13:09  Spore Crawler  
  83  13:13  Zergling x6  
  83  13:14  Zergling x12  
  92  13:43  Overseer  
Tags
 
Add a new tag
Caveats
  • Supply blocks, unpowered buildings, or Contaminate may cause inaccurate times.
  • Supply counts are checked every 10 seconds.